[Event "*** Titled Tuesday Blitz"]
[Site "Chess.com"]
[Date "2020.05.19"]
[Round "5"]
[White "Fusikk"]
[Black "RaunakSadhwani2005"]
[Result "1-0"]
[WhiteElo "2593"]
[BlackElo "2796"]
[TimeControl "180+1"]
[EndTime "12:58:10 PDT"]
[Termination "Fusikk won on time"]

1. e4 c6 2. d4 d5 3. exd5 cxd5 4.
Bd3 Nf6 5. c3 Bg4 6. Qb3 Qc7 7.
Ne2 Bxe2 8. Bxe2 Nbd7 9. O-O e6 10. Bg5 Bd6 11. g3 Ne4 12. Be3 h5 13. Nd2 Nxd2 14. Bxd2 h4 15. Kg2 Nf6 16. Bf3 Ne4 17. Qb5+ Qd7 18.
Qxd7+ Kxd7 19. Be3 Rac8 20. Rac1 b5 21. Be2 a6 22. Ra1 Rc6 23. a3 f5 24. Bd3 Rb6 25.
Rh1 a5 26. f3 Nf6 27. Bg5 h3+ 28. Kf2 Be7 29. Bf4 Bd6 30. Bg5 Be7 31. Bf4 Nh5 32.
Be5 Bd6 33. f4 Nf6 34. Bxf6 gxf6 35. Rhg1 Bc7 36. Ke3 b4 37. axb4 axb4 38. c4 dxc4 39. Bxc4 b3 40. Kd3 Rhb8 41. Rge1 Rd6 42. Ra6 Bb6 43.
Bxb3 Rxd4+ 44. Kc2 Rd6 45. Ra4 Rc6+ 46. Rc4 Rxc4+ 47. Bxc4 Rc8 48. b3 Bf2 49. Re2 Bg1 50. Kd3 Re8 51. Bb5+ Ke7 52. Bxe8 Kxe8 53. Rxe6+ Kd7 54. Re2 Kd6 55. Kc4 Kc6 56. b4 Kd6 57. b5 Bb6 58. Rd2+ Ke6 59. Ra2 Bg1 60. Rd2 Bb6 61.
Kb4 Ke7 62. Rc2 Kf7 63. Re2 1-0

[Event "*** Titled Tuesday Blitz"]
[Site "Chess.com"]
[Date "2020.05.19"]
[Round "5"]
[White "swayamsm"]
[Black "Bacyanide"]
[Result "1/2-1/2"]
[WhiteElo "2651"]
[BlackElo "2438"]
[TimeControl "180+1"]
[EndTime "12:58:10 PDT"]
[Termination "Game drawn by repetition"]

1. d4 d5 2. Nf3 Nf6 3. c4 e6 4. Nc3 c5 5. cxd5 exd5 6. Bg5 Be6 7. e3 c4 8. Ne5 Be7 9. Be2 O-O 10. O-O Nc6 11. f4 h6 12. Bh4 Ne4 13. Bxe7 Nxc3 14. bxc3 Nxe7 15. Qb1 f6 16. Ng6 Nxg6 17. Qxg6 Qd7 18.
f5 Bf7 19. Qg3 Rfe8 20. Rab1 Re7 21. Rf4 Rae8 22. Kf2 Qd6 23. Rg4 Qxg3+ 24. Rxg3 Kf8 25.
Rb5 Rd8 26. Ke1 Rd6 27. Kd2 a6 28. Rc5 Rd8 29. a4 Be8 30. a5 Bc6 31. Bh5 Rdd7 32.
Rf3 Rc7 33. Rf1 Red7 34. Rb1 Bb5 35. Rxc7 Rxc7 36. Bf3 Bc6 37. g4 Ke7 38. e4 dxe4 39. Bxe4 Bxe4 40. Re1 Rd7 41. Rxe4+ Kd8 42. Re6 Rd5 43. Rb6 Kc7 44. Re6 Kd7 45. Rb6 Kc8 46. Re6 Rxa5 47. Re8+ Kc7 48. Re7+ Kc6 49. h4 Ra2+ 50. Ke3 Rc2 51. Rxg7 Rxc3+ 52. Ke4 Rg3 53. d5+ Kd6 54. Rg6 c3 55. Rxf6+ Kd7 56. Rf7+ Kd6 57. Rf6+ Kd7 58. Rf7+ Kd6 59. Rf6+ 1/2-1/2

[Event "*** Titled Tuesday Blitz"]
[Site "Chess.com"]
[Date "2020.05.19"]
[Round "5"]
[White "Bulldog167"]
[Black "SerGo055"]
[Result "1/2-1/2"]
[WhiteElo "2783"]
[BlackElo "2581"]
[TimeControl "180+1"]
[EndTime "12:58:12 PDT"]
[Termination "Game drawn - insufficient material"]

1. e4 d5 2. Nc3 dxe4 3. Nxe4 Nf6 4. d3 Nxe4 5. dxe4 Qxd1+ 6. Kxd1 e5 7. Be3 Be6 8. c3 Nd7 9. Kc2 Bc5 10. Nf3 Bxe3 11. fxe3 f6 12. Nd2 a5 13. Bc4 Ke7 14. Bxe6 Kxe6 15.
g4 h5 16. h3 Nc5 17. Rag1 hxg4 18. hxg4 Kf7 19. b3 Ne6 20. a4 b6 21. Rh5 Rxh5 22.
gxh5 Rh8 23. Rh1 Nc5 24. Rh4 Rh6 25. Nf3 Ke7 26. Kb2 g6 27. hxg6 Rxg6 28. b4 axb4 29. cxb4 Nxa4+ 30. Kb3 b5 31. Rh7+ Kd6 32. Nh4 Rg1 33.
Nf5+ Kc6 34. Ne7+ Kb7 35. Nd5 Rc1 36. Rf7 Rc4 37. Nxf6 Rc3+ 38. Ka2 Rxe3 39. Rxc7+ Kxc7 40. Nd5+ Kd6 41. Nxe3 Nc3+ 42. Kb3 Nxe4 43. Kc2 Nf6 44. Kd3 Nd5 45. Nf5+ Ke6 46. Ng7+ Kf7 47. Nh5 Nxb4+ 48. Ke4 Ke6 49. Ng7+ Kd6 50. Ne8+ Kd7 51. Ng7 Nc6 52.
Kd5 b4 53. Ne6 Ke7 54. Nc5 Nd4 55. Kxe5 Nb5 56. Kd5 Nc3+ 57. Kc4 b3 58. Kxb3 1/2-1/2

[Event "*** Titled Tuesday Blitz"]
[Site "Chess.com"]
[Date "2020.05.19"]
[Round "5"]
[White "ViktoriyaTarasova"]
[Black "bsnsun"]
[Result "0-1"]
[WhiteElo "2274"]
[BlackElo "2488"]
[TimeControl "180+1"]
[EndTime "12:58:12 PDT"]
[Termination "bsnsun won by resignation"]

1. d4 Nf6 2. c4 e6 3. Nc3 Bb4 4. Qc2 O-O 5. Nf3 d5 6. cxd5 exd5 7. Bg5 h6 8. Bh4 c6 9. e3 g5 10. Bg3 Ne4 11. Bd3 Bf5 12. Nd2 Re8 13. Ndxe4 Bxe4 14. Bxe4 dxe4 15. O-O Qe7 16. a3 Bxc3 17. bxc3 Nd7 18.
c4 Nf6 19. h3 Rad8 20. Rab1 Rd7 21. c5 Nd5 22. Bd6 Qe6 23. Rb3 b5 24. f3 exf3 25. Rxf3 Qe4 26. Qxe4 Rxe4 27. Kf2 Rd8 28. Be5 Re8 29. g4 Re6 30. a4 b4 31. a5 f6 32. Bb8 a6 33. Bd6 Re8 34. Rd3 Kf7 35. Rb3 R4e6 36. Ke2 Re4 37. Kd2 R4e6 38. Rd3 Kg6 39.
Rb3 h5 40. gxh5+ Kxh5 41. Rd3 Kg6 42. Rb3 Rh8 43. Ke2 Rh4 44. Kf2 Rh5 45. Kg2 Rh4 46.
Kf2 Rhe4 47. Bb8 Re8 48. Bd6 R8e6 49. Bb8 Re8 50. Bd6 Rh8 51. Kg2 Rh7 52. Kh2 Rb7 53. Kg2 Rb5 54. Kh2 Rxa5 55. Kg2 Ra2+ 56. Kg3 Re2 57.
Rb1 R2xe3 58. Rf1 Rxf3+ 59. Rxf3 Re3 60. Rxe3 Nxe3 61. Kf3 b3 62. Kxe3 b2 63. Kd2 b1=Q 64. Kc3 Qc1+ 65. Kd3 a5 66. Ke4 a4 67. Kf3 a3 68.
Ke4 a2 69. Kf3 a1=Q 70. Ke4 Qab1+ 0-1

[Event "*** Titled Tuesday Blitz"]
[Site "Chess.com"]
[Date "2020.05.19"]
[Round "5"]
[White "VojtechPlat"]
[Black "Raja3401"]
[Result "1/2-1/2"]
[WhiteElo "2893"]
[BlackElo "2737"]
[TimeControl "180+1"]
[EndTime "12:58:13 PDT"]
[Termination "Game drawn by agreement"]

1. e4 c5 2. Nf3 d6 3. c3 Nf6 4.
Bc4 Nc6 5. Qe2 Bg4 6. d3 e6 7.
Bb3 Be7 8. h3 Bh5 9. g4 Bg6 10.
Bg5 Nd7 11. Be3 h5 12. g5 h4 13. Nbd2 Bh5 14. Qf1 b5 15. Rg1 a5 16. g6 a4 17.
gxf7+ Bxf7 18. Bc2 a3 19. b3 Bf6 20. d4 Qa5 21. b4 cxb4 22. Nb3 Qc7 23. Qxb5 Rh5 24.
Qe2 bxc3 25. Ng5 Bxg5 26. Bxg5 Nb4 27. Bf4 e5 28. Be3 Nxc2+ 29. Qxc2 Rb8 30. d5 Kf8 31. Rc1 Rc8 32. Qd3 Qc4 33. Ke2 Nf6 34. Qxc4 Rxc4 35. f3 Be8 36. Kd3 Bb5 37. Kc2 Bd7 38.
Rh1 Kf7 39. Rcd1 Rh8 40. Rd3 Rhc8 41. Bg5 Nh5 42. Bxh4 Nf4 43. Rdd1 Ng2 44. Bg5 Ba4 45. Bc1 Bxb3+ 46. axb3 R4c7 47. Bxa3 Ne3+ 48. Kd3 Nxd1 49. Rxd1 Ra8 50. Bxd6 Rb7 51. Bxe5 Rxb3 52. Bxc3 Rc8 53. Rc1 Ke7 54. Kd4 Kd7 55. Rc2 Ra3 56. f4 g6 57. f5 gxf5 58. exf5 Ra4+ 59. Kd3 Rf8 60. f6 Rh4 61. Re2 Rxh3+ 62. Kd2 Rh5 63. Re7+ Kc8 64. Re5 Rxe5 1/2-1/2

[Event "*** Titled Tuesday Blitz"]
[Site "Chess.com"]
[Date "2020.05.19"]
[Round "5"]
[White "GregShahade"]
[Black "BabyBoss31"]
[Result "1-0"]
[WhiteElo "2508"]
[BlackElo "2337"]
[TimeControl "180+1"]
[EndTime "12:58:14 PDT"]
[Termination "GregShahade won on time"]

1. e4 e6 2. d4 d5 3. Nd2 Nf6 4. e5 Nfd7 5. c3 c5 6. Bd3 Nc6 7. Ne2 cxd4 8. cxd4 f6 9. exf6 Nxf6 10. O-O Bd6 11. Nf3 Qc7 12. Nc3 a6 13. Be3 O-O 14.
Rc1 Bd7 15. Na4 Be8 16. Ng5 Qe7 17. Nc5 Bxc5 18. Rxc5 h6 19. Nf3 Bh5 20. Be2 Ne4 21. Rc1 Qf6 22. Qd3 Rad8 23. Rfd1 Nd6 24. b3 Nf5 25.
Rd2 Rfe8 26. Re1 Nxe3 27. Qxe3 e5 28. Nxe5 Nxe5 29. Bxh5 Nf3+ 30. Bxf3 Rxe3 31. Rxe3 g6 32. Re5 Qc6 33. g3 Kg7 34. Kg2 Rd7 35. Rde2 Kf6 36. Bg4 Rd6 37. Re7 Qc3 38. Rh7 Qxd4 39. Ree7 Qxg4 40.
Rhf7+ Kg5 41. Re5+ Qf5 42. h4+ Kh5 43. Rfxf5+ gxf5 44. Rxf5+ Kg6 45. Re5 d4 46. Kf3 d3 47. Re1 Kf5 48.
Rd1 b5 49. Ke3 Kg4 50. Rxd3 Rf6 51. Rd4+ Kh3 52. Rf4 Re6+ 53. Kf3 Rc6 54. Rf5 Rc3+ 55. Kf4 Rc2 56. f3 Rxa2 57. Rf6 Rb2 58. Rxa6 Rxb3 59. Rxh6 Rb4+ 60. Kg5 Kxg3 61. h5 Rf4 62. Rg6 Rxf3 63. h6 Kh2 64. h7 Rg3+ 65. Kf6 Rh3 66.
Kg7 1-0

[Event "*** Titled Tuesday Blitz"]
[Site "Chess.com"]
[Date "2020.05.19"]
[Round "5"]
[White "Alexander_Moskalenko"]
[Black "cukus"]
[Result "1-0"]
[WhiteElo "2824"]
[BlackElo "2497"]
[TimeControl "180+1"]
[EndTime "12:58:16 PDT"]
[Termination "Alexander_Moskalenko won by resignation"]

1. e4 c6 2. Nf3 d5 3. d3 dxe4 4. dxe4 Qxd1+ 5. Kxd1 g6 6. c3 Bg7 7.
Bf4 Nf6 8. Nbd2 O-O 9. Kc2 a5 10. a4 Na6 11. Be3 Nc7 12. Bb6 Ne6 13. Bc4 Ng4 14.
Rhe1 Ne5 15. Bf1 Bd7 16. g3 Nxf3 17. Nxf3 Rfc8 18. Rad1 Be8 19. Bc4 h6 20. h4 Nc7 21.
Bc5 e6 22. Bd4 b5 23. Bb3 bxa4 24. Bxa4 c5 25. Bxe8 cxd4 26. Bd7 Rd8 27. Ba4 dxc3 28. bxc3 Na6 29. Nd4 Nc5 30. Bb5 a4 31. f3 a3 32. Nc6 Rxd1 33. Rxd1 a2 34. Ra1 Ra3 35. Nd4 Bxd4 36. cxd4 Nb7 37. Bd3 Nd6 38. g4 g5 39.
e5 Nc8 40. hxg5 hxg5 41. Bc4 Ne7 42. Bb3 Nd5 43. Kb2 Ra7 44. Bxd5 exd5 45. Rxa2 Rb7+ 46.
Kc3 Rc7+ 47. Kd3 Rc1 48. Ra5 Rd1+ 49. Ke3 Re1+ 50. Kf2 Rd1 51. Rxd5 Kg7 52. Rd6 Rd2+ 53. Ke3 Rd1 54. Ke4 Re1+ 55. Kf5 Rf1 56. Kxg5 Rxf3 57.
Rd7 Rd3 58. e6 Rd1 59. Rxf7+ Kg8 60. Rf4 Re1 61. Kf5 Rd1 62. Ke5 Re1+ 63. Re4 Rg1 64. d5 Rf1 65. Kd6 Ra1 66. e7 Ra6+ 67. Kc7 Ra7+ 68.
Kb8 1-0

[Event "*** Titled Tuesday Blitz"]
[Site "Chess.com"]
[Date "2020.05.19"]
[Round "5"]
[White "Vuk2000"]
[Black "adricalderon8"]
[Result "1/2-1/2"]
[WhiteElo "2610"]
[BlackElo "2432"]
[TimeControl "180+1"]
[EndTime "12:58:16 PDT"]
[Termination "Game drawn by repetition"]

1. d4 Nf6 2. Bg5 Ne4 3. Bf4 e6 4. e3 d5 5. Bd3 c5 6. c3 Nc6 7.
Nf3 Be7 8. O-O O-O 9. Nbd2 f5 10.
Ne5 Bd7 11. Ndf3 Be8 12. Nxc6 bxc6 13. Bxe4 fxe4 14. Ne5 cxd4 15. cxd4 c5 16. Qg4 Rf5 17. dxc5 Bxc5 18. Rac1 Bd6 19. Nc6 Bxc6 20. Rxc6 Bxf4 21. exf4 Qf6 22. Rfc1 h5 23. Qe2 Rf8 24. g3 Kh7 25. Rc7 Kh6 26. Rxa7 e5 27. Rac7 Kh7 28. R1c6 Qd8 29.
fxe5 Rxe5 30. Qe3 Kg8 31. Qc3 d4 32. Qc4+ Qd5 33. Rc5 Qxc4 34. Rxc4 Rd8 35. Rc2 d3 36. Rd2 e3 37. fxe3 Rxe3 38. Kf2 Rde8 39. Rc3 Re2+ 40. Rxe2 Rxe2+ 41. Kf3 Rxb2 42. a3 d2 43. Ke2 d1=Q+ 44.
Kxd1 Rxh2 45. a4 Ra2 46. Rc4 Ra3 47. g4 h4 48. Ke2 h3 49. Kf2 Ra2+ 50. Kg3 h2 51.
Rc1 Kf7 52. Rh1 Kg6 53. Rxh2 Rxa4 54. Rf2 Ra3+ 55. Kh4 Kh6 56. Rf5 g6 57. Re5 Ra2 58. g5+ Kg7 59. Re4 Kf7 60. Kg4 Ra5 61. Rf4+ Kg7 62. Rf6 Ra4+ 63. Rf4 Ra5 64. Re4 Rb5 65. Rf4 Ra5 1/2-1/2

[Event "*** Titled Tuesday Blitz"]
[Site "Chess.com"]
[Date "2020.05.19"]
[Round "5"]
[White "Playgood28"]
[Black "plumalka"]
[Result "0-1"]
[WhiteElo "2286"]
[BlackElo "2485"]
[TimeControl "180+1"]
[EndTime "12:58:17 PDT"]
[Termination "plumalka won on time"]

1. d4 Nf6 2. c4 c5 3. d5 b5 4. Qc2 bxc4 5. e4 d6 6. Bxc4 g6 7. Nf3 Bg7 8. O-O O-O 9. h3 Ba6 10. Na3 Qb6 11. Rb1 Nbd7 12. Bf4 Rab8 13. Rfe1 Nh5 14.
Bh2 Qa5 15. Bxa6 Qxa6 16. e5 dxe5 17. Nxe5 Nxe5 18. Bxe5 Bxe5 19. Rxe5 Qf6 20. Rbe1 Nf4 21. Nc4 Rfd8 22. Rxe7 Qg5 23. Qe4 Nxh3+ 24. Kf1 Nf4 25. d6 Qh4 26. g3 Qh3+ 27. Kg1 Ne6 28. d7 Kf8 29. Re8+ Rxe8 30. dxe8=Q+ Rxe8 31. Nd6 Re7 32. Qa8+ Kg7 33. Ne8+ Kh6 34. Nf6 Qf5 35. Nd5 Rd7 36. Ne3 Qf6 37. Qh1+ Kg7 38. Qc6 Nd4 39. Qxf6+ Kxf6 40. Kf1 Kg7 41. Rc1 Rc7 42. b3 Ne6 43. Rc4 f5 44.
Ra4 Kf7 45. Nd5 Rb7 46. Ne3 Nd4 47. Nc4 Ke6 48. Ra6+ Ke7 49. Kg2 Ne6 50. Ne5 Rc7 51.
Nc6+ Kd7 52. Na5 Nd4 53. Nc4 Nb5 54. Ne5+ Ke7 55. Nc4 Rb7 56. Ne5 Rc7 57. Nc4 Kd8 58.
Ne5 Kc8 59. Nc4 Kb7 60. Rf6 Rd7 0-1

[Event "*** Titled Tuesday Blitz"]
[Site "Chess.com"]
[Date "2020.05.19"]
[Round "5"]
[White "Andrii_Prydun"]
[Black "dennisodessa"]
[Result "0-1"]
[WhiteElo "2371"]
[BlackElo "2230"]
[TimeControl "180+1"]
[EndTime "12:58:18 PDT"]
[Termination "dennisodessa won by resignation"]

1. d4 e6 2. e4 d5 3. Nc3 Nc6 4. Be3 Bb4 5. Ne2 dxe4 6. a3 Bxc3+ 7. Nxc3 Nf6 8. Bb5 O-O 9. Bxc6 bxc6 10. Bg5 h6 11.
Bxf6 Qxf6 12. Nxe4 Qg6 13. Qf3 Ba6 14. O-O-O Bc4 15.
Nc3 Bd5 16. Nxd5 cxd5 17. g3 Rfc8 18. Qd3 Qf6 19. f4 c5 20. dxc5 Rxc5 21. Qd4 Qxd4 22.
Rxd4 Rac8 23. Rd2 f6 24. Re1 Kf7 25. c3 h5 26. Kd1 h4 27. Re3 a5 28. Rde2 R8c6 29.
g4 a4 30. Rh3 Rc4 31. Rf2 d4 32. Rff3 dxc3 33. bxc3 Rb6 34. Rxh4 Rb3 35. Kc2 Rxa3 36.
Rh8 Ra2+ 37. Kd3 Rc7 38. f5 e5 39. h4 Ra3 40. Kc2 Ra2+ 41. Kd3 Ra3 42. Kd2 Ra2+ 43. Kd1 Ra3 44. Kc2 Ra2+ 45. Kb1 Re2 46. g5 a3 47. g6+ Ke7 48. Ra8 Rb7+ 49. Kc1 a2 50.
Kd1 Rh2 0-1

[Event "*** Titled Tuesday Blitz"]
[Site "Chess.com"]
[Date "2020.05.19"]
[Round "5"]
[White "quesfr"]
[Black "Charlottemillard17"]
[Result "1-0"]
[WhiteElo "2276"]
[BlackElo "1418"]
[TimeControl "180+1"]
[EndTime "12:58:18 PDT"]
[Termination "quesfr won on time"]

1. e4 e5 2. Nf3 Nc6 3. d4 exd4 4. Nxd4 Nxd4 5. Qxd4 d6 6. Nc3 Bd7 7. Bf4 h6 8. O-O-O Qe7 9. f3 Nf6 10. g4 g5 11. Bg3 Bg7 12. e5 Ng8 13. exd6 Bxd4 14. dxe7 Be3+ 15. Kb1 Nxe7 16. Bxc7 Bc6 17. Ne4 Bxe4 18.
fxe4 O-O 19. Bd6 Rfe8 20. Bb5 Nc6 21. e5 Bf4 22. Bxc6 bxc6 23. Rde1 Rad8 24. c4 Rd7 25. Kc2 Rb7 26. h4 gxh4 27. b3 Bg3 28. Re4 Rb6 29. c5 Ra6 30. a4 Ra5 31. Kb2 f6 32. e6 Bxd6 33. cxd6 Rd5 34. d7 Re7 35. Rc1 Rdxd7 36. exd7 Rxd7 37. Rxc6 Rd2+ 38. Kc3 Rh2 39. Rxf6 Kg7 40.
Rf5 Kg6 41. Re6+ Kg7 42. Rh5 h3 43. Rexh6 Rh1 44. Rh7+ Kg6 45. Rxh3 Rg1 46. R7h6+ Kg7 47. R6h5 Kg6 48. g5 Kg7 49. Kb4 Kg6 50. Rh6+ Kxg5 51. Ra6 Rg4+ 52. Ka3 Rg1 53. Rc3 Ra1+ 54. Kb4 Rf1 55.
Rxa7 Kg6 56. Rc5 Rf4+ 57. Kb5 1-0

[Event "*** Titled Tuesday Blitz"]
[Site "Chess.com"]
[Date "2020.05.19"]
[Round "5"]
[White "MisiekZielony"]
[Black "almaguerjm"]
[Result "1-0"]
[WhiteElo "2116"]
[BlackElo "2314"]
[TimeControl "180+1"]
[EndTime "12:58:18 PDT"]
[Termination "MisiekZielony won by resignation"]

1. c4 Nf6 2. Nc3 d6 3. g3 Nc6 4. Bg2 e5 5. e4 Bg4 6. f3 Be6 7. d3 Nd4 8. Nge2 Qd7 9. Nxd4 exd4 10.
Nd5 Nxd5 11. cxd5 Bh3 12. Bxh3 Qxh3 13. Qa4+ Kd8 14. Qc2 Be7 15. Bd2 Qg2 16. O-O-O Qxf3 17. Rhf1 Qh5 18. Rf5 Qg6 19. Rdf1 f6 20. Qa4 Qe8 21.
Qxd4 Qb5 22. Kb1 Kd7 23. Qe3 a5 24. Rc1 Rac8 25. Qf3 Qa6 26. Rh5 Kd8 27. Rc3 c6 28. dxc6 Rxc6 29. Rd5 Rxc3 30. Bxc3 b6 31. Qf5 Qc8 32.
Qf2 Ke8 33. Bd4 b5 34. Rxb5 Kf7 35. Qc2 Qh3 36. Qc4+ Kg6 37. a4 Rc8 38. Qd5 Qf1+ 39. Ka2 Rc1 40. Qf5+ Qxf5 41. Rxf5 Rd1 42. Rxa5 Rxd3 43.
Rd5 Kf7 44. a5 Bd8 45. a6 f5 46. a7 fxe4 47. a8=Q Bf6 48. Qc8 Rxd4 49. Rxd4 Bxd4 50. Qf5+ Bf6 51. Qxe4 h6 52. Qd5+ Ke7 53. b4 Bc3 54.
b5 Ba5 55. Qc6 d5 56. b6 1-0

[Event "*** Titled Tuesday Blitz"]
[Site "Chess.com"]
[Date "2020.05.19"]
[Round "5"]
[White "ameetghasi100"]
[Black "x-3738459472"]
[Result "1-0"]
[WhiteElo "2711"]
[BlackElo "2520"]
[TimeControl "180+1"]
[EndTime "12:58:19 PDT"]
[Termination "ameetghasi100 won by resignation"]

1. Nf3 Nf6 2. g3 d5 3. Bg2 Bf5 4. O-O e6 5. c4 c6 6. Qb3 Qb6 7. Nc3 Nbd7 8. d4 Be7 9. Bf4 O-O 10. Rfe1 h6 11. h3 Ne4 12. g4 Bh7 13. e3 Rfe8 14.
c5 Qxb3 15. axb3 a6 16. b4 Bf6 17. Bh2 Rac8 18. Red1 Bg6 19. Ne2 Bh7 20. Nf4 Bd8 21.
Ne1 Bh4 22. Nfd3 f5 23. Nf3 Bf6 24. Nfe5 Nxe5 25. Nxe5 Bh4 26. Nd3 fxg4 27. hxg4 Rf8 28. f3 Nf6 29. Ne5 Rfd8 30. Bh3 g5 31. Kg2 Nd7 32.
Nd3 Rf8 33. Rd2 Rf7 34. Rf1 Rcf8 35. Nc1 Be4 36. Kg1 Rxf3 37. Rxf3 Rxf3 38. Bf1 Rxe3 39.
Ne2 Rd3 40. Rc2 Rd1 41. Rc3 Bd3 42. Kg2 Rd2 43. Kf3 Bxe2+ 44. Bxe2 Rxb2 45. b5 axb5 46.
Ra3 Kf7 47. Ra7 Nf6 48. Rxb7+ Ke8 49. Rb8+ Kf7 50. Bd6 Ne4 51. Rb7+ Kg6 52. Be5 Rb3+ 53. Kg2 Rg3+ 54. Kh2 Nf6 55. Bxg3 Bxg3+ 56. Kxg3 Ne4+ 57. Kf3 Kf6 58. Bd3 Nd2+ 59. Ke3 Nc4+ 60. Bxc4 dxc4 61. Rb6 h5 62. gxh5 g4 63. h6 Kg6 64. Rxc6 Kxh6 65.
Rxe6+ Kh5 66. c6 c3 67. c7 c2 68. c8=Q 1-0

[Event "*** Titled Tuesday Blitz"]
[Site "Chess.com"]
[Date "2020.05.19"]
[Round "5"]
[White "icychess54"]
[Black "jlandaw"]
[Result "0-1"]
[WhiteElo "2261"]
[BlackElo "2478"]
[TimeControl "180+1"]
[EndTime "12:58:19 PDT"]
[Termination "jlandaw won on time"]

1. c4 e5 2. Nc3 Nc6 3. Nf3 Bc5 4. e3 a6 5. a3 d6 6. b4 Ba7 7. Bb2 Nf6 8. d4 exd4 9. Nxd4 Nxd4 10. exd4 d5 11.
c5 O-O 12. Be2 Bf5 13. O-O c6 14. Bc1 Bb8 15. Bg5 Qc7 16. g3 Qd8 17. Qd2 h6 18.
Bf4 Re8 19. Rfe1 Qd7 20. a4 Ne4 21. Nxe4 dxe4 22. Bc4 Bxf4 23. Qxf4 Be6 24. Bxe6 Qxe6 25. f3 Qc4 26. Rxe4 Qxb4 27. Rae1 Qxe1+ 28. Rxe1 Rxe1+ 29. Kg2 Rae8 30. Qc7 Rb1 31. Qd7 Re2+ 32. Kh3 g6 33. Kg4 Rb4 34. h4 Rd2 35. Qe8+ Kg7 36. Qe5+ Kh7 37. Qf6 Rbxd4+ 38. f4 h5+ 39. Kh3 Rd7 40. f5 R2d5 41. fxg6+ fxg6 42. Qe6 Rg7 43. Qe3 Rf7 44. a5 Kg7 45. Qc3+ Kg8 46. Qe3 Rdf5 47. Qe6 Kg7 48. Qe3 R5f6 49. Qc3 Kh7 50. Qb4 Rf3 51.
Qd4 Ra3 52. Qb4 Rff3 53. Qxb7+ Kh6 54. Qxc6 Rxg3+ 55. Kh2 Rgb3 56. Qxa6 Ra2+ 57. Kg1 Rb1+ 58. Qf1 Rxf1+ 59. Kxf1 Rxa5 60. c6 Rc5 61. c7 Rxc7 62. Kf2 Rc4 63. Kg3 Rg4+ 64. Kh3 Kg7 65. Kh2 Kf6 66. Kh3 Kf5 67. Kh2 Kf4 68. Kh3 Kf3 69.
Kh2 Kf2 0-1

[Event "*** Titled Tuesday Blitz"]
[Site "Chess.com"]
[Date "2020.05.19"]
[Round "5"]
[White "Lubov_Gordyk"]
[Black "RubensCezila"]
[Result "0-1"]
[WhiteElo "2626"]
[BlackElo "2457"]
[TimeControl "180+1"]
[EndTime "12:58:20 PDT"]
[Termination "RubensCezila won on time"]

1. e4 c6 2. Nf3 d5 3. d3 Bg4 4. Be2 e6 5. Nbd2 Nd7 6. O-O Bd6 7. Re1 Ne7 8. b3 e5 9. Bb2 d4 10. Nh4 Be6 11. Bg4 Nf8 12. Nf5 Bxf5 13. exf5 f6 14.
Ne4 c5 15. a4 Qc7 16. Bh5+ g6 17. fxg6 hxg6 18. Nxf6+ Kf7 19. Qf3 Kg7 20. Ne4 Nh7 21. Bg4 Raf8 22. Qg3 Nc6 23. Bc1 Nf6 24. Bg5 Nxg4 25.
Qxg4 Rf5 26. h4 Be7 27. Re2 Bxg5 28. Nxg5 Qd6 29. Re4 Rhf8 30. Rf1 Nd8 31. g3 Nf7 32. Nxf7 R8xf7 33. f4 Qf6 34. Kg2 Qc6 35. Kh2 Qe6 36. Rf2 Qd7 37. Qe2 exf4 38. Rexf4 Rxf4 39. gxf4 Qf5 40. Qe4 Qh5 41. Kg3 Qd1 42. Qe5+ Kh7 43. Qe2 Qg1+ 44.
Rg2 Qc1 45. Qf3 Re7 46. Kg4 Qe1 47. h5 gxh5+ 48. Kxh5 Qe6 49. Kh4 Qf6+ 50. Kg3 Rg7+ 51. Kf2 Qh4+ 52. Ke2 Re7+ 0-1

[Event "*** Titled Tuesday Blitz"]
[Site "Chess.com"]
[Date "2020.05.19"]
[Round "5"]
[White "Bagirova"]
[Black "baby_leo"]
[Result "1-0"]
[WhiteElo "2187"]
[BlackElo "2003"]
[TimeControl "180+1"]
[EndTime "12:58:20 PDT"]
[Termination "Bagirova won on time"]

1. e4 c6 2. Nf3 d5 3. Nc3 dxe4 4. Nxe4 Nf6 5. Nxf6+ exf6 6. d4 Bd6 7. Bc4 Qc7 8. h3 Bf5 9. O-O O-O 10. c3 Nd7 11.
Nh4 Be4 12. f3 Bg6 13. Nxg6 hxg6 14. Qd3 f5 15. h4 c5 16. Bb3 Rad8 17. h5 cxd4 18.
cxd4 Nc5 19. Qc4 Nxb3 20. Qxb3 Bh2+ 21. Kh1 Rxd4 22. Bg5 gxh5 23. f4 Bxf4 24. Bxf4 Rxf4 25. Rxf4 Qxf4 26. Qxb7 Rd8 27. Qf3 Qh4+ 28. Qh3 Qxh3+ 29.
gxh3 Rd2 30. b4 Rb2 31. a3 g6 32. Kg1 Kg7 33. h4 Kf6 34. Re1 g5 35. hxg5+ Kxg5 36. Re7 Kf6 37. Rxa7 h4 38. Ra8 h3 39. Rh8 Rb3 40. b5 Rxa3 41. b6 Rb3 42. Rh6+ Kg5 43. Rh8 Rxb6 44. Rxh3 Rb2 45. Rh8 Kf4 46. Rg8 Kf3 47.
Rg5 f4 48. Rg8 Rb1+ 49. Kh2 Kf2 50. Rg2+ Kf3 51. Rg7 f5 52. Rg5 Rb2+ 53. Kh3 Rb1 54. Kh2 Rb2+ 55. Kh3 Rb8 56. Kh2 Rb1 57. Kh3 Rb2 58.
Rg1 Rf2 59. Kh4 Rg2 60. Rf1+ Rf2 61. Ra1 1-0

[Event "*** Titled Tuesday Blitz"]
[Site "Chess.com"]
[Date "2020.05.19"]
[Round "5"]
[White "bait_or_mate"]
[Black "Parkas"]
[Result "1-0"]
[WhiteElo "2455"]
[BlackElo "2301"]
[TimeControl "180+1"]
[EndTime "12:58:21 PDT"]
[Termination "bait_or_mate won by checkmate"]

1. d4 Nf6 2. c4 e6 3. Nf3 c5 4. g3 cxd4 5. Nxd4 Qc7 6. b3 Nc6 7. Bg2 Bb4+ 8. Bd2 Bxd2+ 9. Qxd2 Nxd4 10. Qxd4 d5 11. Nd2 e5 12. Qb2 d4 13. O-O Bg4 14. Ne4 Nxe4 15. Bxe4 O-O 16. Rfe1 Rad8 17. Qd2 Qe7 18.
Rac1 Kh8 19. c5 f5 20. Bg2 e4 21. Rc4 Qe5 22. f4 Qf6 23. Bf1 h6 24. Rec1 Qc6 25.
Rxd4 Qc7 26. Rd1 Rxd4 27. Qxd4 Rc8 28. b4 Bh5 29. Rd2 Bf7 30. e3 a6 31. Qd7 Bg6 32. Qxc7 Rxc7 33. Rd8+ Kh7 34. Bc4 h5 35. h4 Re7 36. Bd5 Bf7 37. Kf2 g6 38. Ke2 Kg7 39.
Kd2 Kf6 40. Kc3 Rc7 41. Bxf7 Kxf7 42. Kd4 Ke7 43. Rd5 Ke6 44. Rd6+ Ke7 45. Rxg6 Rd7+ 46.
Ke5 Kf7 47. Rf6+ Ke7 48. Rxf5 Rd1 49. Kxe4 Ke6 50. Rxh5 Ra1 51. Rh6+ Kd7 52. Rh7+ Kc6 53. f5 Rxa2 54. f6 Rf2 55. Ke5 Kb5 56. f7 Kxb4 57.
Ke6 a5 58. Rh8 a4 59. f8=Q Rxf8 60. Rxf8 a3 61. Ra8 b6 62. cxb6 Kb5 63. b7 Kb6 64. b8=Q+ Kc6 65. Rxa3 Kc5 66. Rc3# 1-0

[Event "*** Titled Tuesday Blitz"]
[Site "Chess.com"]
[Date "2020.05.19"]
[Round "5"]
[White "dosto07"]
[Black "The_Machine04"]
[Result "1-0"]
[WhiteElo "2119"]
[BlackElo "2264"]
[TimeControl "180+1"]
[EndTime "12:58:21 PDT"]
[Termination "dosto07 won on time"]

1. e4 d6 2. d4 Nf6 3. Nc3 e5 4.
Nf3 Nbd7 5. Bc4 Be7 6. O-O c6 7. a4 a5 8. Re1 Qc7 9. b3 h6 10.
Bb2 Nf8 11. Bd3 Ng6 12. Ne2 Bg4 13. Ng3 O-O 14. h3 Be6 15. Qd2 Rfe8 16. Rad1 Rad8 17. c4 Bf8 18. Bc3 b6 19. Qb2 Bc8 20. Nf5 c5 21.
dxe5 dxe5 22. Bc2 Bb7 23. Rxd8 Qxd8 24. Nxe5 Nxe5 25. Bxe5 Qd2 26. Rd1 Qg5 27. Bxf6 Qxf6 28. Qxf6 gxf6 29. f3 Bc8 30. Ne3 Be6 31. Kf2 Be7 32. f4 Rd8 33. Nd5 Bxd5 34. exd5 Bd6 35. g3 Re8 36. Kf3 Kg7 37. Bf5 Re7 38. Kf2 Re8 39.
Re1 Rxe1 40. Kxe1 Kf8 41. Ke2 Kg7 42. Kf3 Kf8 43. Kg4 Kg7 44. Kh5 Bc7 45. Bd7 Bd6 46. Bc6 Bc7 47. h4 Bd6 48. Kg4 Bc7 49. Bd7 Kg6 50.
Bf5+ Kg7 51. Kh5 Bd6 52. Bg4 Bc7 53. Bh3 Bd6 54. Kg4 Bc7 55. Kf5 Bd6 56. Bg4 Bc7 57. Bh5 Bd6 58. Ke4 Bc7 59. d6 Bxd6 60. Kd5 Bc7 61.
Kc6 Bd8 62. Kd7 f5 63. Kxd8 Kf6 64. Kc7 Ke6 65. Kxb6 1-0

[Event "*** Titled Tuesday Blitz"]
[Site "Chess.com"]
[Date "2020.05.19"]
[Round "5"]
[White "Arjun2002"]
[Black "ChristopherYoo"]
[Result "1/2-1/2"]
[WhiteElo "2679"]
[BlackElo "2877"]
[TimeControl "180+1"]
[EndTime "12:58:22 PDT"]
[Termination "Game drawn by repetition"]

1. e4 c5 2. Nf3 e6 3. d4 cxd4 4.
Nxd4 Nf6 5. Nc3 Nc6 6. Ndb5 Bc5 7. Nd6+ Ke7 8. Bf4 e5 9. Nf5+ Kf8 10. Bg5 d6 11.
Ne3 h6 12. Bxf6 Qxf6 13. Ncd5 Qg5 14. c3 Be6 15. Qf3 Rc8 16. h4 Qg6 17. g3 h5 18. Bh3 Bxh3 19. Rxh3 Qe6 20. Rh1 g6 21. Kf1 Kg7 22. Kg2 Bxe3 23. Qxe3 f5 24. Rad1 Rhf8 25.
exf5 Rxf5 26. Rd2 Rcf8 27. Qe4 Qf7 28. Rf1 g5 29. Ne3 Rf3 30. hxg5 h4 31. Qxh4 Rh8 32. Qg4 Rf8 33. g6 Qf6 34. Qh5 Rh8 35. Qxf3 Rh2+ 36. Kxh2 Qxf3 37. Rxd6 e4 38. Kg1 Ne5 39. Rfd1 Qh5 40.
Rd7+ Nxd7 41. Rxd7+ Kxg6 42. Rxb7 Qe2 43. c4 Kg5 44. c5 Qe1+ 45. Kg2 Qc1 46. b4 a5 47. bxa5 Qxc5 48. a6 Qa3 49. a7 Qxa2 50. Re7 Kf6 51. Rb7 Kg6 52. g4 Kg5 53. Kg3 Qa1 54.
Rb5+ Kg6 55. Rb7 Qg1+ 56. Kf4 Qxf2+ 57. Kxe4 Qa2 58. Nd5 Qa4+ 59. Ke5 Qa1+ 60. Kd6 Qa6+ 61. Kc7 Qc4+ 62. Kb8 Qxd5 63. a8=Q Qd8+ 64. Ka7 Qa5+ 65.
Kb8 Qd8+ 66. Ka7 Qa5+ 67. Kb8 Qd8+ 1/2-1/2